AoeStats
← Strongtor

Nomad

509454476Analyzed
2v2 RM · 5d ago on Sep 26, 2026· 33m 39s· 4 players
Game mode
Random Map
Map size
176×176
Population
200
Speed
Normal
Resources
Standard
Victory
Conquest
Starting age
Dark Age
Ending age
Imperial Age
RankedLock teamsTeams togetherTeam positionsShared explorationLock speedFull tech treeHidden civsTurbo modeCheats
Victory
Defeat
🇬🇧 Bulgarians · United Kingdom
971
+18
🇨🇿 Persians · Czechia
938
+19
🇨🇱 Franks · Chile
1032
-19
🇨🇳 Magyars · China
993
-18
titoluis2010
15:43 Feudal Age
17:31 Double-Bit Axe
20:13 Castle Age
18:35 Forging
18:49 Scale Barding Armor
19:21 Bloodlines
19:45 Horse Collar
20:28 Light Cavalry
21:58 Iron Casting
22:32 Husbandry
27:54 Wheelbarrow
28:21 Bow Saw
31:56 Scale Mail Armor
32:29 Heavy Plow
32:34 Gold Mining
32:54 Arson
33:12 Squires
Strongtor
14:44 Feudal Age
16:10 Fishing Lines
18:51 Loom
20:34 Bloodlines
22:28 Castle Age
21:53 Wheelbarrow
21:41 Town Watch
21:44 Double-Bit Axe
21:44 Horse Collar
23:50 Forging
26:09 Hand Cart
31:05 Fletching
catstorm
5:45 Loom
13:57 Feudal Age
19:58 Castle Age
20:45 Forging
20:30 Stone Mining
24:34 Fletching
28:26 Wheelbarrow
挥舞的指甲刀
8:37 Loom
19:55 Feudal Age
20:50 Gold Mining
20:49 Double-Bit Axe
20:47 Horse Collar
23:38 Castle Age
25:02 Bow Saw
24:55 Heavy Plow
25:36 Gold Shaft Mining
Connection lost

Rejoining the realm…

Still unreachable

The connection could not be restored.

Session expired

The server has moved on; the page needs a fresh start.